Map: Lost and Found LE

Players

soul

  • Race: Terran Terran
  • Spawn Location: 1:00

LiquidTLO (TLO) - Winner!

  • Race: Zerg Zerg
  • Spawn Location: 7:00

Event: WCS Montreal 2018

VOD

Have the link to the VOD?

Description

Time

  • Played on: Sept. 7, 2018, 1:59 p.m.
  • Length: 16:03

All games in this series

Show
View Real Time Build Order
Export as new Build Order

soul Terran 

Build Orders: Reaper Expand, Bio Tank 

Get SALT Encoding   

  12  0:00  SCV  
  13  0:12  SCV  
  14  0:17  Supply Depot  
  14  0:25  SCV  
  15  0:38  SCV  
  15  0:40  Barracks  
  16  0:44  Refinery  
  16  0:50  SCV  
  17  1:03  SCV  
  18  1:16  SCV  
  19  1:27  Reaper  
  19  1:28  Orbital Command  
  20  1:39  Command Center  
  20  1:47  Supply Depot  
  20  1:54  SCV  
  20  1:59  Marine  
  22  2:04  Factory  
  22  2:07  SCV  
  23  2:11  Refinery  
  23  2:19  SCV  
  25  2:31  Barracks Reactor  
  25  2:32  SCV  
  25  2:42  Bunker  
  25  2:44  SCV  
  26  2:49  Starport  
  28  2:52  Orbital Command  
  28  2:56  SCV  
  29  3:03  Factory Tech Lab  
  26  3:07  Marine x2  
  26  3:10  SCV  
  29  3:13  Bunker  
  29  3:25  Marine x2  
  31  3:31  Banshee  
  31  3:32  SCV  
  35  3:36  Factory Tech Lab  
  34  3:43  Marine  
  34  3:45  SCV  
  37  3:51  Supply Depot  
  37  3:55  Supply Depot  
  37  3:57  Marine  
  37  3:58  Orbital Command  
  37  4:12  SCV  
  41  4:17  Siege Tank  
  41  4:18  Command Center  
  39  4:24  SCV  
  39  4:25  SCV, Liberator  
  38  4:31  Starport Tech Lab  
  38  4:36  SCV  
  38  4:41  Barracks Tech Lab  
  41  4:47  Supply Depot  
  41  4:48  SCV  
  41  4:49  SCV  
  43  5:00  SCV  
  43  5:01  SCV, Factory Reactor  
  43  5:02  Barracks  
  43  5:04  Stimpack  
  45  5:12  SCV, Supply Depot  
  45  5:13  SCV  
  47  5:19  Barracks  
  47  5:23  Marine  
  47  5:24  SCV  
  47  5:25  Starport Reactor, SCV, Supply Depot  
  50  5:31  Orbital Command  
  50  5:36  SCV  
  50  5:37  SCV  
  52  5:44  Factory Tech Lab, Marine, Supply Depot  
  52  5:48  SCV, Supply Depot  
  52  5:49  SCV  
  55  5:53  Engineering Bay  
  55  5:54  Engineering Bay  
  55  6:02  Bunker, Marine x3  
  55  6:03  Bunker  
  58  6:08  SCV  
  58  6:10  Starport Reactor  
  58  6:11  SCV  
  60  6:13  SCV  
  61  6:20  Terran Infantry Armor Level 1, Terran Infantry Weapons Level 1, Marine x2  
  61  6:22  Marine  
  61  6:24  SCV, Refinery x2  
  62  6:27  SCV  
  62  6:31  Marine, Supply Depot  
  65  6:33  Marine  
  65  6:36  SCV  
  65  6:38  Marine x2  
  65  6:39  SCV  
  69  6:40  Marine  
  69  6:41  Siege Tank  
  69  6:46  Orbital Command  
  73  6:48  SCV, Marine  
  73  6:50  Marine  
  73  6:51  SCV  
  77  6:55  Medivac x2  
  77  6:56  Marine x2  
  77  7:00  SCV  
  84  7:03  SCV  
  84  7:05  Marine  
  84  7:06  Supply Depot  
  84  7:07  Combat Shields  
  84  7:08  Marine, Supply Depot  
  87  7:12  SCV  
  87  7:14  SCV  
  87  7:15  SCV, Marine  
  89  7:16  Supply Depot  
  89  7:17  Supply Depot  
  89  7:19  Marine  
  92  7:23  Marauder  
  92  7:24  SCV  
  92  7:26  SCV  
  92  7:27  Medivac x2  
  92  7:28  SCV, Marine  
  102  7:33  Marine x2  
  102  7:37  SCV, Marine  
  105  7:40  Armory  
  106  7:45  SCV x2  
  106  7:47  Barracks  
  106  7:48  Marine  
  106  7:49  SCV, Marine  
  106  7:50  Barracks  
  111  7:51  Marine  
  111  7:55  Marine  
  111  7:57  SCV  
  117  7:58  Siege Tank  
  117  8:01  Medivac  
  117  8:02  Marine  
  117  8:05  Marine, Refinery  
  120  8:06  Supply Depot x2  
  120  8:08  Marine  
  120  8:11  Marine  
  120  8:12  SCV x2  
  124  8:13  SCV, Marine  
  124  8:19  Marine  
  126  8:22  Factory  
  126  8:23  Marine, Supply Depot  
  126  8:25  Marine  
  126  8:26  Concussive Shells  
  129  8:29  Marine  
  129  8:31  Marine  
  131  8:36  Barracks Reactor x2  
  131  8:37  Marine  
  131  8:40  Terran Infantry Armor Level 2  
  132  8:41  SCV, Marine  
  132  8:43  Marine, Refinery  
  132  8:47  Command Center, Terran Infantry Weapons Level 2  
  135  8:50  SCV, Marine  
  135  8:51  Marine  
  138  8:56  Siege Tank  
  138  8:57  Marine  
  138  9:00  Marine  
  138  9:02  Marine  
  144  9:08  Marine  
  144  9:09  Marine  
  141  9:15  Marine  
  140  9:18  Factory Tech Lab, Marine, Terran Vehicle And Ship Armor Level 1  
  140  9:20  Marine  
  140  9:23  Barracks, Marine x2  
  144  9:24  Barracks x2  
  144  9:26  Marine  
  144  9:27  Marine  
  144  9:28  Medivac x2  
  151  9:31  SCV  
  151  9:38  SCV  
  151  9:40  SCV  
  151  9:41  Supply Depot  
  151  9:42  Marine x2  
  151  9:43  SCV, Supply Depot  
  156  9:49  Siege Tank  
  156  9:51  SCV  
  156  9:52  Marine  
  159  9:54  Marine  
  159  9:55  Marine x2  
  159  9:58  Planetary Fortress  
  162  10:04  Sensor Tower  
  162  10:05  Marine x2  
  162  10:09  Medivac  
  162  10:12  Siege Tank  
  162  10:13  Marine  
  157  10:17  Sensor Tower  
  157  10:22  Barracks Tech Lab x2  
  157  10:25  Siege Tank, Marine  
  157  10:27  Marine  
  162  10:33  Barracks Tech Lab  
  161  10:36  Marine  
  161  10:37  Marine  
  161  10:40  Marine  
  161  10:41  Marine x6  
  169  10:43  Marine  
  169  10:44  Siege Tank  
  169  10:45  Marine  
  169  10:47  Sensor Tower  
  171  10:53  Sensor Tower, Marine  
  171  10:54  Supply Depot x2  
  171  10:55  Marine  
  173  10:57  Siege Tank  
  173  10:58  Marauder, Marine x2  
  180  11:05  Marine  
  180  11:11  Terran Infantry Weapons Level 3  
  180  11:15  Refinery  
  180  11:16  Marauder x2, Command Center, Refinery, Marine x2  
  180  11:18  Marine  
  186  11:24  Terran Infantry Armor Level 3  
  187  11:31  Marine  
  187  11:32  Marauder  
  190  11:36  Medivac x2  
  190  11:37  Marine  
  185  11:43  Marine  
  185  11:44  Terran Vehicle And Ship Armor Level 2  
  185  11:47  Marauder, Marine  
  177  11:48  Marine  
  177  11:50  Command Center, Marine, Supply Depot  
  182  11:57  Marine, Siege Tank  
  182  12:00  Marine  
  182  12:01  Marauder  
  186  12:06  Medivac x2  
  186  12:07  Marine  
  186  12:08  Marine x3  
  194  12:11  Marine  
  194  12:15  Marine  
  196  12:16  Marine  
  196  12:18  Marine  
  196  12:19  Marine  
  187  12:27  Marine x7  
  187  12:29  Marine  
  183  12:32  Marine  
  183  12:33  Ghost Academy  
  183  12:34  Marine  
  183  12:36  Medivac x2, Marine  
  190  12:40  Marine  
  191  12:45  Marine x3  
  163  12:51  Marine x3  
  163  12:52  Marine  
  148  13:00  Siege Tank  
  148  13:04  Ghost x2  
  145  13:06  Medivac x2  
  145  13:07  Marine  
  145  13:08  Marine  
  145  13:09  Planetary Fortress  
  142  13:17  Siege Tank  
  137  13:23  Marauder, Marine  
  137  13:24  Marine x3  
  137  13:26  Marine  
  144  13:33  Marine  
  145  13:36  Medivac x2  
  145  13:38  Marine  
  145  13:40  Marine  
  143  13:42  Marine  
  143  13:45  Marine  
  143  13:46  Marine  
  129  14:02  Siege Tank  
  132  14:06  Medivac x2  
  120  14:10  Marine  
  120  14:12  Marine  
  120  14:13  Marine x3  
  120  14:14  Marine x7  
  122  14:21  Siege Tank  
  120  14:28  Marine  
  120  14:30  Marine  
  118  14:31  Marine x4  
  118  14:32  Marauder x4  
  118  14:34  Siege Tank  
  118  14:35  Marine  
  120  14:51  Marine  
  121  14:53  Siege Tank  
  121  14:56  Ghost x4  
  121  14:57  Marine x3  
  135  15:06  Siege Tank  
  138  15:07  Marine  
  138  15:09  Marine  
  138  15:12  Marine  
  124  15:14  Marine  
  124  15:18  Marine  
  105  15:24  Ghost x2  
  105  15:25  Marauder, Siege Tank  
  105  15:26  Marine  
  105  15:27  Marauder  
  107  15:32  Marine  
  106  15:37  Marine  
  106  15:38  Marine  
  101  15:43  Marine  
  101  15:44  Marine  
Show
View Real Time Build Order
Export as new Build Order

LiquidTLO Zerg - Winner!

Build Orders: Pool First 

Get SALT Encoding   

  12  0:00  Drone  
  13  0:12  Overlord  
  13  0:18  Drone  
  14  0:31  Drone  
  14  0:32  Drone  
  16  0:40  Spawning Pool  
  15  0:43  Drone  
  15  0:48  Drone  
  17  1:09  Hatchery  
  16  1:12  Extractor  
  16  1:14  Extractor  
  16  1:15  Drone  
  15  1:19  Drone  
  15  1:24  Drone  
  17  1:34  Roach Warren  
  17  1:38  Zergling x2  
  17  1:53  Queen  
  19  2:02  Overlord  
  19  2:15  Roach  
  21  2:21  Roach  
  23  2:26  Roach  
  25  2:34  Roach  
  25  2:36  Ravager  
  28  2:41  Ravager  
  29  2:47  Ravager  
  30  2:54  Ravager  
  30  2:57  Overlord  
  31  3:01  Drone  
  32  3:07  Drone  
  32  3:09  Drone  
  34  3:14  Drone  
  34  3:18  Drone  
  36  3:20  Drone  
  36  3:25  Drone  
  38  3:32  Drone x2  
  38  3:33  Drone  
  41  3:38  Drone  
  41  3:39  Drone  
  42  3:47  Drone  
  43  3:50  Overlord  
  43  3:54  Drone, Overlord  
  44  3:58  Overlord  
  44  4:08  Queen  
  44  4:09  Queen  
  46  4:13  Drone  
  46  4:16  Drone, Metabolic Boost  
  44  4:25  Drone  
  44  4:28  Drone x2  
  44  4:29  Drone  
  44  4:30  Drone  
  46  4:34  Zergling x4  
  45  4:42  Hatchery  
  45  4:44  Drone  
  45  4:48  Queen  
  45  4:50  Drone  
  48  4:57  Drone x2  
  48  4:59  Drone  
  51  5:00  Pneumatized Carapace  
  51  5:01  Drone  
  51  5:04  Drone  
  51  5:05  Drone  
  54  5:10  Overlord  
  55  5:14  Drone  
  55  5:16  Drone  
  55  5:18  Spore Crawler x2  
  54  5:25  Hatchery  
  54  5:27  Drone  
  54  5:29  Drone  
  54  5:33  Drone  
  54  5:34  Drone  
  54  5:35  Drone  
  58  5:37  Spore Crawler  
  58  5:42  Drone  
  58  5:46  Overlord  
  58  5:48  Drone, Lair  
  60  5:50  Drone  
  60  5:52  Spore Crawler  
  60  5:53  Drone  
  60  5:55  Drone x2  
  62  5:59  Drone  
  62  6:01  Drone x2, Spore Crawler  
  62  6:02  Drone  
  65  6:11  Drone  
  66  6:12  Baneling Nest  
  66  6:13  Drone x2, Evolution Chamber  
  66  6:14  Evolution Chamber  
  64  6:18  Drone  
  64  6:19  Drone  
  64  6:20  Drone  
  64  6:21  Drone  
  64  6:23  Drone x2  
  69  6:27  Drone x2  
  69  6:28  Drone  
  69  6:29  Drone  
  69  6:31  Extractor, Drone  
  74  6:32  Drone  
  74  6:36  Extractor  
  74  6:37  Extractor, Drone  
  74  6:38  Extractor, Drone  
  74  6:41  Zerg Melee Weapons Level 1  
  74  6:42  Drone, Zergling x2  
  74  6:46  Zerg Ground Armor Level 1  
  76  6:50  Zergling x2  
  76  6:51  Hydralisk Den  
  76  6:52  Zergling x4  
  77  6:55  Drone  
  77  6:59  Centrifical Hooks  
  77  7:00  Drone  
  77  7:01  Drone  
  80  7:02  Zergling x4  
  80  7:03  Zergling x2  
  80  7:05  Drone  
  80  7:07  Overlord  
  80  7:08  Overlord  
  84  7:10  Zergling x2  
  84  7:13  Zergling x2  
  84  7:14  Zergling x2  
  84  7:15  Zergling x2  
  88  7:16  Extractor, Baneling x2  
  88  7:17  Overlord  
  88  7:20  Zergling x2  
  88  7:22  Overlord  
  88  7:24  Overlord  
  88  7:25  Zergling x2  
  88  7:26  Drone  
  88  7:28  Grooved Spines  
  91  7:30  Drone x2  
  91  7:31  Baneling  
  91  7:32  Extractor, Baneling  
  91  7:33  Drone x2  
  91  7:35  Drone  
  91  7:36  Drone  
  91  7:37  Drone  
  96  7:38  Baneling x3  
  96  7:41  Zergling x2  
  96  7:42  Zergling x4  
  99  7:45  Zergling x2  
  99  7:49  Zergling x2  
  101  7:55  Drone x2  
  101  7:56  Zergling x2  
  101  7:57  Zergling x2, Evolution Chamber  
  104  7:59  Hydralisk x5  
  104  8:03  Overlord  
  113  8:08  Hydralisk  
  113  8:09  Hydralisk, Queen  
  113  8:10  Hydralisk  
  120  8:15  Drone, Overlord  
  120  8:16  Baneling x2  
  121  8:20  Hydralisk x2  
  121  8:22  Hydralisk x2  
  129  8:30  Zergling x2  
  129  8:33  Zergling x2  
  130  8:34  Zerg Missile Weapons Level 1  
  130  8:36  Hydralisk x2, Overlord  
  130  8:38  Zergling x4  
  130  8:39  Muscular Augments, Zergling x2  
  130  8:41  Hydralisk x2  
  137  8:45  Zergling x2  
  137  8:46  Zerg Ground Armor Level 2  
  140  8:56  Baneling x3  
  140  8:59  Overlord  
  140  9:01  Overlord  
  140  9:03  Hydralisk x2, Overlord  
  140  9:04  Infestation Pit  
  140  9:06  Zergling x2  
  140  9:07  Zergling x2  
  140  9:08  Zergling x16  
  140  9:15  Drone  
  140  9:16  Zergling x2  
  139  9:17  Zergling x2  
  140  9:24  Zergling x8  
  140  9:27  Baneling x2  
  140  9:29  Queen x2  
  150  9:33  Zergling x6  
  150  9:35  Zergling x2  
  152  9:42  Overlord x2  
  152  9:45  Spore Crawler  
  152  9:51  Hive  
  145  10:00  Zergling x4  
  145  10:01  Zergling x6  
  150  10:08  Zergling x2  
  150  10:13  Zergling x2, Overlord x2  
  150  10:14  Zergling x16  
  160  10:16  Zerg Melee Weapons Level 2  
  160  10:22  Baneling x8, Zergling x2  
  160  10:23  Zergling x2  
  160  10:24  Overlord  
  162  10:28  Hatchery  
  162  10:33  Hatchery  
  162  10:35  Zergling x2  
  160  10:36  Baneling  
  160  10:37  Zergling x14  
  158  10:46  Zergling x24  
  158  10:48  Zerg Missile Weapons Level 2  
  163  10:51  Zergling x4, Overlord  
  163  10:52  Zergling x4  
  163  10:53  Zergling x2  
  168  10:59  Drone  
  169  11:09  Viper x3  
  169  11:10  Viper x3  
  179  11:15  Ultralisk Cavern  
  179  11:16  Overlord x2  
  179  11:18  Overlord  
  178  11:20  Overlord  
  178  11:25  Overlord  
  177  11:28  Hatchery  
  176  11:33  Overlord  
  176  11:35  Zergling x6  
  176  11:36  Zergling x6  
  176  11:37  Zergling x4  
  176  11:38  Zergling x2  
  185  11:42  Zerg Ground Armor Level 3  
  185  11:43  Zergling x12  
  185  11:46  Zergling x4  
  193  11:50  Drone  
  193  11:51  Drone x2  
  193  12:04  Baneling, Chitinous Plating  
  193  12:06  Ultralisk  
  199  12:14  Baneling x10  
  199  12:15  Baneling, Zergling x2  
  197  12:19  Zergling x4  
  179  12:28  Zergling x18, Evolution Chamber  
  179  12:29  Zergling x4  
  188  12:31  Evolution Chamber  
  188  12:32  Ultralisk x2  
  188  12:33  Baneling x3  
  183  12:51  Zergling x2  
  183  12:56  Zergling x2  
  183  12:57  Zergling x22  
  175  12:59  Zergling x8  
  175  13:04  Ultralisk x2  
  175  13:05  Zergling x4  
  187  13:06  Zergling x2  
  187  13:08  Zergling x6  
  187  13:10  Zerg Melee Weapons Level 3  
  187  13:12  Zergling x6  
  186  13:13  Zergling x2  
  186  13:19  Zergling x2  
  182  13:20  Zergling x8  
  182  13:22  Ultralisk  
  183  13:30  Zergling x2, Ultralisk  
  183  13:31  Zergling x4  
  183  13:32  Zergling x2  
  187  13:49  Ultralisk x2  
  187  13:50  Zergling x4  
  187  13:54  Zergling x2  
  187  13:55  Zergling x2  
  174  13:57  Zergling x6  
  165  14:07  Zergling x2  
  165  14:08  Zergling x22  
  176  14:12  Zergling x4  
  176  14:13  Zergling x4  
  176  14:16  Zergling x4  
  169  14:19  Zergling x2  
  169  14:21  Zergling x2  
  171  14:24  Zergling x4  
  171  14:26  Zergling x2  
  171  14:27  Zergling x2  
  171  14:29  Zergling x2  
  174  14:32  Ultralisk  
  174  14:34  Zergling x2  
  174  14:35  Zergling x4  
  174  14:36  Zergling x2  
  174  14:37  Zergling x4  
  174  14:38  Zergling x2  
  187  14:43  Zergling x4  
  185  14:46  Zergling x4  
  185  14:50  Baneling  
  185  14:51  Baneling x5  
  187  14:53  Zergling x8  
  187  14:59  Zergling x2  
  191  15:00  Zergling x2  
  188  15:07  Zergling x4  
  188  15:08  Zergling x2  
  188  15:12  Zergling x4  
  188  15:13  Zergling x14  
  181  15:17  Zergling x2  
  181  15:18  Zergling x2  
  181  15:19  Zergling x2  
  181  15:21  Zergling x2  
  165  15:23  Zergling x2  
  165  15:27  Zergling x2  
  165  15:28  Zergling x4  
  162  15:31  Zergling x2  
  162  15:32  Zergling x2  
  162  15:33  Zergling x2  
  162  15:34  Zergling x2  
  162  15:38  Zergling x2  
  162  15:41  Zergling x4  
  162  15:42  Zergling x2  
  153  15:48  Drone  
Tags
 
Add a new tag
Caveats
  • Supply blocks, unpowered buildings, or Contaminate may cause inaccurate times.
  • Supply counts are checked every 10 seconds.